 Dungeon Crawl Stone Soup version 0.32-a0-484-g2eb335deba (webtiles) character file.

Game seed: 14701928609944205848

353690 Xenophilius the Unforgettable (level 21, -1/160 (162) HPs)
             Began as a Mountain Dwarf Fire Elementalist on Feb 26, 2024.
             Was the Champion of Hepliaklqana.
             Slain by a +4 scimitar of freezing (18 damage)
             ... animated by Zenata
             ... on level 3 of the Vaults on Feb 28, 2024.
             The game lasted 05:16:48 (57644 turns).

Xenophilius the Unforgettable (MDFE)               Turns: 57644, Time: 05:16:49

HP:   -1/160 (162)  AC: 28    Str: 13      XL:     21   Next: 64%
MP:   27/35         EV: 13    Int: 34      God:    Hepliaklqana [******]
Gold: 3587          SH: 11    Dex:  9 (10) Spells: 6/40 levels left

rFire   . . .        b - +2 demon whip (pain)
rCold   . . .        D - +1 buckler {AC+3}
rNeg    + + .        X - +3 storm dragon scales {Bai Suzhen}
rPois   .            m - +0 helmet of Beogh's Benevolence {^Contam rN++ Will+ SInv}
rElec   +            W - scarf {repulsion}
rCorr   .            T - +1 pair of gloves "Ybehisol" {Int+3}
SInv    +            (no boots)
Will    +++..        l - amulet of Areoqeit {Reflect Rampage rElec SH+5} Stlth
                     g - +5 ring of evasion {=R}
HPRegen 0.46/turn    e - +6 ring of intelligence
MPRegen 0.24/turn

%: repel missiles, reflection, rampage
@: lethally poisoned (-1 -> -16), studying 2 skills, lightly drained
A: reduced essence, runic magic, artefact enchanting
}: 1/15 runes: gossamer
a: Renounce Religion, Recall Ancestor, Ancestor Identity, Transference, Idealise


You were on level 3 of the Vaults.
You worshipped Hepliaklqana.
Hepliaklqana was exalted by your worship.
You visited 9 branches of the dungeon, and saw 37 of its levels.
You visited 1 bazaar.
You also visited: Gauntlet.

You collected 7066 gold pieces.
You spent 3479 gold pieces at shops.

Inventory:

Hand Weapons
 b - a +2 demon whip of pain (weapon)
Missiles
 h - 3 curare-tipped darts
Armour
 m - the +0 helmet of Beogh's Benevolence (worn) {^Contam rN++ Will+ SInv}
   (You found it in a Gauntlet)

   rN++:      It greatly protects you from negative energy.
   Will+:     It increases your willpower.
   SInv:      It lets you see invisible.
   ^Contam:   It causes magical contamination when unequipped.
 D - a +1 buckler of protection (worn)
 T - the +1 pair of gloves "Ybehisol" (worn) {Int+3}
   (You bought it in a shop on level 3 of the Dungeon)

   Int+3:     It affects your intelligence (+3).
 W - a scarf of repulsion (worn)
 X - +3 storm dragon scales (worn) {Bai Suzhen}
 Y - the +2 pair of slick slippers {slick, slippery, EV+4}
   (You bought it in a shop on level 3 of the Dungeon)

   Slick:     Its wearer cannot be constricted, engulfed, netted, webbed, or
   stopped by binding sigils.
   Slippery:  Its wearer slips away from damaging melee attacks, pulling the
   attacker onward.
   EV+4:      It affects your evasion (+4).
Magical Staves
 a - a staff of death
 C - a staff of fire
Jewellery
 e - a +6 ring of intelligence (right hand)
 g - a +5 ring of evasion (left hand) {=R}
 i - a ring of protection from cold
 l - the amulet of Areoqeit (around neck) {Reflect Rampage rElec SH+5}
   (You acquired it on level 15 of the Dungeon)

   [amulet of reflection]

   Reflect:   It reflects blocked missile attacks.
   rElec:     It insulates you from electricity.
   SH+5:      It affects your SH (+5).
   Rampage:   It bestows one free step when moving towards enemies.
 L - the ring of Enojo {rPois rF+ Dex+3}
   (You took it off a deep elf sorcerer on level 3 of the Elven Halls)

   [ring of poison resistance]

   Dex+3:     It affects your dexterity (+3).
   rF+:       It protects you from fire.
   rPois:     It protects you from poison
 Q - a ring of see invisible
 U - a ring of willpower
Wands
 c - a wand of mindburst (3)
 s - a wand of polymorph (34)
 v - a wand of acid (44)
 H - a wand of digging (19)
 J - a wand of flame (46)
 O - a wand of paralysis (45)
 Z - a wand of iceblast (38)
Scrolls
 d - a scroll of summoning
 r - 5 scrolls of fear
 t - 12 scrolls of teleportation
 u - 3 scrolls of poison
 w - 3 scrolls of fog
 y - a scroll of brand weapon
 E - 6 scrolls of immolation
 M - 7 scrolls of vulnerability
 S - 4 scrolls of revelation
 V - 3 scrolls of blinking
Potions
 f - 7 potions of enlightenment
 k - 14 potions of curing
 n - 8 potions of brilliance
 o - 6 potions of heal wounds
 p - 4 potions of ambrosia
 x - 5 potions of cancellation
 A - 10 potions of haste
 B - a potion of invisibility
 G - 3 potions of magic
 I - 2 potions of lignification
 K - 5 potions of might
 P - 8 potions of mutation
 R - 6 potions of resistance
Miscellaneous
 j - a phial of floods
 q - a phantom mirror
 z - a condenser vane
 F - a sack of spiders
 N - a lightning rod (4/4)


   Skills:
 - Level 14.1 Fighting
 - Level 12.0 Maces & Flails
 - Level 18.0 Armour
 - Level 5.1 Dodging
 - Level 1.4 Stealth
 - Level 6.0 Shields
 - Level 10.0 Spellcasting
 - Level 9.0 Conjurations
 + Level 13.3 Summonings
 - Level 16.0 Necromancy
 - Level 4.0 Translocations
 - Level 13.0 Fire Magic
 - Level 10.0 Earth Magic
 - Level 18.0 Invocations


You had 6 spell levels left.
You knew the following spells:

 Your Spells              Type           Power      Damage    Failure   Level
a - Foxfire               Conj/Fire      100%       2x1d9     1%          1
b - Fireball              Conj/Fire      37%        3d15      1%          5
c - Vampiric Draining     Necr           90%        2d12      1%          3
d - Dispel Undead         Necr           90%        3d29      1%          4
s - Scorch                Fire           100%       2d9       1%          2
v - Borgnjor's Vile Clut  Necr/Erth      40%        N/A       1%          5
A - Animate Armour        Summ/Erth      100%       N/A       1%          4
B - Blink                 Tloc           88%        N/A       1%          2
K - Martyr's Knell        Necr/Summ      86%        N/A       1%          4
W - Flame Wave            Conj/Fire      75%        2d17      1%          4

Your spell library contained the following spells:

 Spells                   Type           Power      Damage    Failure   Level
 Necrotise                Necr           100%       1d9       0%          1
 Sublimation of Blood     Necr           90%        N/A       0%          2
 Apportation              Tloc           88%        N/A       1%          1
 Kiss of Death            Conj/Necr      100%       2d13      1%          1
 Magic Dart               Conj           100%       1d8       1%          1
 Sting                    Conj/Alch      100%       1d9       1%          1
 Summon Small Mammal      Summ           100%       N/A       1%          1
 Call Imp                 Summ           100%       N/A       1%          2
 Lesser Beckoning         Tloc           88%        N/A       1%          2
 Static Discharge         Conj/Air       94%        3-7/arc   1%          2
 Inner Flame              Hex/Fire       57%        N/A       1%          3
 Stone Arrow              Conj/Erth      100%       3d13      1%          3
 Summon Ice Beast         Ice/Summ       58%        N/A       1%          3
 Volatile Blastmotes      Fire/Tloc      100%       2d18      1%          3
 Brom's Barrelling Bould  Conj/Erth      69%        2d8       1%          4
 Summon Blazeheart Golem  Fire/Summ      82%        N/A       1%          4
 Curse of Agony           Necr           90%        N/A       1%          5
 Hailstorm                Conj/Ice       47%        3d10      2%          3
 Anguish                  Hex/Necr       31%        N/A       2%          4
 Iskenderun's Battlesphe  Conj           67%        2d12      4%          5
 Summon Cactus Giant      Summ           41%        N/A       4%          6
 Freeze                   Ice            68%        1d8       6%          1
 Leda's Liquefaction      Alch/Erth      25%        N/A       8%          4
 Petrify                  Alch/Erth      50%        N/A       8%          4
 Confusing Touch          Hex            17%        N/A       19%         3
 Frozen Ramparts          Ice            34%        1d6       19%         3
 Ozocubu's Armour         Ice            17%        N/A       19%         3
 Bombard                  Conj/Erth      34%        9d6       19%         6
 Vhi's Electric Charge    Tloc/Air       60%        N/A       26%         4
 Arcjolt                  Conj/Air       23%        1d33      26%         5
 Irradiate                Conj/Alch      23%        3d19      26%         5
 Cause Fear               Hex            8%         N/A       52%         4
 Conjure Ball Lightning   Conj/Air       23%        3x3d6     82%         6
 Alistair's Intoxication  Alch           11%        N/A       86%         5
 Metabolic Englaciation   Hex/Ice        8%         N/A       86%         5
 Eringya's Noxious Bog    Alch           8%         4d6       100%        6
 Sculpt Simulacrum        Ice/Alch       8%         N/A       100%        6
 Spellforged Servitor     Conj/Summ      37%        N/A       47%         7
 Orb of Destruction       Conj           33%        9d10      77%         7
 Ignition                 Fire           40%        3d12      88%         8
 Enfeeble                 Hex            8%         N/A       100%        7
 Ozocubu's Refrigeration  Ice            8%         4d9       100%        7
 Lehudib's Crystal Spear  Conj/Erth      34%        10d9      100%        8
 Maxwell's Capacitive Co  Air            8%         ∞         100%        8
 Dragon's Call            Summ           41%        N/A       100%        9


Dungeon Overview and Level Annotations

Branches:
Dungeon (15/15)            Temple (1/1) D:4            Lair (5/5) D:10
  Swamp (3/4) Lair:3       Spider (4/4) Lair:2        Slime (0/5) Lair:4
    Orc (2/2) D:12            Elf (3/3) Orc:2        Vaults (3/5) D:14
  Crypt (1/3) Vaults:3     Depths (0/4) D:15        Gauntlet (visited)

Altars:
Ashenzari
Cheibriados
Dithmenos
Elyvilon
Fedhas
Gozag
Hepliaklqana
Kikubaaqudgha
Makhleb
Nemelex Xobeh
Okawaru
Qazlal
Ru
Sif Muna
Trog
Uskayaw
Vehumet
Wu Jian
Xom
Yredelemnul
Zin
The Shining One
Beogh
Jiyva

Shops:
D:1 =   D:2 =   D:3 [:[   D:4 :   D:5 *:[   D:6 :[   D:14 :   D:15 ?([((
Orc:1 :   Orc:2 *=([   Vaults:1 [   Vaults:2 ((*

Portals:
Trove: Vaults:1 (give 14 potions of heal wounds)

Annotations:
D:13 dig to gold
Vaults:3 Zenata


Innate Abilities, Weirdness & Mutations

Your life essence is reduced to manifest your ancestor. (-10% HP)
Your spellcasting is much less encumbered by armour.
You can use scrolls of enchantment on lesser artefacts.


Message History

You block the +6 halberd of venom's attack.
Zenata shouts, "I'll hammer you into slag!"
Zenata hits you but does no damage. The +2 short sword of flaming hits you!
The +2 short sword of flaming burns you.
Orhuwn hits Zenata with a +0 dagger of draining.
Orhuwn drains Zenata.
You barely miss Zenata.
Zenata is heavily wounded.
The zombie hands constrict Zenata.
The +2 short sword of flaming hits you but does no damage.
The +4 scimitar of freezing hits you but does no damage.
The +6 halberd of venom misses you.
Orhuwn casts a spell at Zenata.
Zenata resists with almost no effort.
You hit Zenata but do no damage.
Zenata writhes in agony!
Zenata is severely wounded.
The zombie hands constrict Zenata.
The +2 short sword of flaming closely misses you.
The +4 scimitar of freezing hits you.
The +4 scimitar of freezing freezes you.
You block the +6 halberd of venom's attack.
Zenata hits you with a +4 lajatang!! The +2 short sword of flaming hits you.
The +2 short sword of flaming burns you.
* * * LOW HITPOINT WARNING * * *
Orhuwn hits Zenata with a +0 dagger of draining.
The +4 scimitar of freezing hits you but does no damage.
You hit Zenata.
Zenata writhes in agony.
Zenata is severely wounded.
The zombie hands constrict Zenata, but do no damage.
The +6 halberd of venom hits you!!
* * * LOW HITPOINT WARNING * * *
You are poisoned.
The +2 short sword of flaming hits you!
* * * LOW HITPOINT WARNING * * *
The +2 short sword of flaming burns you.
* * * LOW HITPOINT WARNING * * *
Orhuwn gestures wildly while chanting.
Zenata resists with almost no effort.
The +4 scimitar of freezing hits you!!
You die...
Hepliaklqana delivers you to your ancestors.

.................................
...[...........................##
...............................#.
........#################......#.
........#...............#......#.
........#.#R#########.#.'......'.
........#.#.#.......#.#.#......#.
...[....#.#.#.#..(#R#.#.#......#.
........#.#.#.#[@(#.#.#.#......#.
###.....#.#.#.#aR(#.#.#.#......#.
..#.....#.#.#.#####[#R#.#......#.
..#.....#.#...........#.#.?....#.
..#.....#.#############.#....####
..#.....#...............#....#...
..#.....##########'######....#...
..#........#............#....#...
..#........#.)..........#....#..<


You could see the friendly Orhuwn the hexer (fast), Zenata (clutched, drained,
ally target), 3 dancing weapons and a friendly animated storm dragon scales
(summoned).

Vanquished Creatures
  Bai Suzhen (Spider:4)
  A deep elf blademaster (Elf:3)
  A deep elf master archer (Elf:3)
  Gastronok (D:8)
  Aizul (Spider:4)
  A fire giant (D:15)
  A thorn hunter (Swamp:3)
  The ghost of hackum the Marksdemigod, a journeyman DgHu (D:13)
  A deep elf sorcerer (Elf:3)
  A vault warden (Vaults:3)
  6 emperor scorpions
  2 ghost moths
  A ghoul (Swamp:3)
  A juggernaut zombie (Crypt:1)
  2 ironbound preservers
  2 formless jellyfish (Vaults:3)
  A broodmother (Spider:2)
  2 ironbound thunderhulks (Vaults:3)
  3 deep elf demonologists
  A vampire knight (Vaults:3)
  3 deep elf annihilators (Elf:3)
  4 eleionomae
  2 dire elephants
  A minotaur (Gauntlet)
  3 deep elf death magi
  4 bunyips
  A spark wasp (Spider:3)
  An eidolon (Vaults:3)
  Azrael (D:12)
  8 yaktaur captains
  2 jiangshi (Crypt:1)
  2 entropy weavers
  Fannar (D:12)
  3 deep elf high priests
  A rakshasa (D:15)
  2 great orbs of eyes
  5 ghost crabs (Swamp:3)
  6 vault guards
  7 hydras
  An ogre mage (D:15)
  6 ironbound frosthearts
  3 jorogumos
  11 centaur warriors
  7 two-headed ogres
  4 boulder beetles
  3 alligators
  11 dancing weapons
  3 death knights
  10 death scarabs
  A spectral dire elephant (Lair:5)
  3 death yaks (Lair:4)
  3 tengu warriors
  2 orc high priests
  3 demonic crawlers
  3 vampire magi
  12 deep elf knights
  2 spriggans
  2 pharaoh ants (Spider:3)
  2 skysharks
  A spriggan druid (Swamp:2)
  A spectral anaconda (Lair:5)
  2 goliath frogs
  4 skeletal warriors (Crypt:1)
  10 deep trolls
  2 sun moths
  3 bog bodies
  6 ironbound convokers
  A flayed ghost (Crypt:1)
  4 lindwurms (Vaults:1)
  2 orb spiders (Spider:4)
  A spectral hydra (Gauntlet)
  7 steelbarb worms
  5 arcanists
  23 deep elf pyromancers
  A broodmother zombie (Crypt:1)
  A thermic dynamo (Elf:1)
  A wolf spider zombie (Spider:4)
  2 phantasmal warriors
  12 deep elf archers
  5 orc knights
  22 deep elf zephyrmancers
  12 wolf spiders
  2 harpies (Vaults:3)
  2 cyclopes
  5 orc sorcerers
  Maurice (D:8)
  2 manticores
  3 will-o-the-wisps
  15 ugly things
  2 oklob plants (Lair:3)
  A cyclops (shapeshifter) (Elf:2)
  6 meliai
  3 moths of wrath
  11 elephants
  A meliai (shapeshifter) (D:14)
  3 black mambas (Lair:3)
  2 kobold blastminers
  A dire elephant zombie (Lair:5)
  5 vault sentinels
  A smoke demon (Gauntlet)
  Joseph (D:8)
  9 cane toads
  A molten gargoyle (Lair:3)
  4 torpor snails
  3 redback zombies (Spider:4)
  5 freezing wraiths
  Maggie (D:9)
  A kobold demonologist (D:12)
  5 rime drakes
  3 komodo dragons
  Psyche (D:9)
  2 tengu conjurers
  22 yaktaurs
  A queen bee (Spider:3)
  An efreet (D:15)
  An ice devil (D:13)
  3 trolls
  A bloated husk (Swamp:3)
  3 polar bears
  A spectral jumping spider (Spider:4)
  2 hornets
  A tyrant leech (Swamp:1)
  Prince Ribbit (D:5)
  2 jumping spider zombies (Spider:4)
  22 tarantellas
  2 spectral elephants (Lair:5)
  7 blink frogs
  2 spectral black mambas (Gauntlet)
  20 jumping spiders
  2 tarantella zombies (Spider:4)
  15 culicivoras
  A centaur simulacrum (D:14)
  16 slime creatures
  A dire elephant simulacrum (Lair:5)
  2 water elementals (Elf:2)
  A black mamba zombie (Crypt:1)
  3 wyverns
  2 air elementals
  4 wraiths
  A golden eye (Lair:3)
  43 yaks
  2 steam dragons
  4 basilisks
  A warg (Orc:2)
  A fire elemental (Elf:1)
  17 vampire mosquitoes
  Edmund (D:5)
  Menkaure (D:6)
  33 redbacks
  2 acid dragons
  A hexer (Swamp:1)
  3 spectral cane toads (Lair:5)
  8 swamp worms
  A water moccasin (shapeshifter) (Elf:2)
  12 water moccasins
  2 hell hounds (D:12)
  2 black bears
  5 ice beasts
  3 swamp drakes
  2 sky beasts
  17 orc warriors
  An elephant zombie (Lair:5)
  7 laughing skulls
  The ghost of TobyConnect the Trooper, an amateur DsFi (D:3)
  A manticore skeleton (Crypt:1)
  10 ogres
  8 wolves
  5 centaurs
  A phantom (D:3)
  4 kobold brigands
  Blork the orc (D:6)
  7 bullfrogs
  2 wyvern zombies (Crypt:1)
  An earth elemental (Elf:2)
  A cane toad simulacrum (Lair:5)
  5 gnoll sergeants
  2 scorpions (D:5)
  4 wights (D:7)
  19 killer bees
  An elephant simulacrum (Lair:5)
  5 howler monkeys
  3 crimson imps (Gauntlet)
  A human zombie (Crypt:1)
  3 bombardier beetles
  3 jellies
  19 orc priests
  3 hounds
  Jessica (D:2)
  4 iguanas
  A sleepcap (D:4)
  Ijyb (D:5)
  21 orc wizards
  2 hell rats (Lair:4)
  The ghost of Yenzu the Scratcher, a weakling FeSh (D:3)
  11 gnolls
  9 adders
  4 river rats (Lair:4)
  2 shadow imps (D:7)
  3 white imps
  A nameless horror (D:15)
  6 ufetubi
  4 dart slugs
  A ribbon worm (D:2)
  73 orcs
  5 endoplasms
  6 giant cockroaches
  5 goblins
  7 hobgoblins
  8 jackals
  3 quokkas
  6 ball pythons
  4 bats
  5 frilled lizards
  14 kobolds
  8 rats
  A foxfire (D:12)
1046 creatures vanquished.

Vanquished Creatures (collateral kills)
  Arachne (Spider:4)
  Mlioglotl (Spider:4)
  2 deep elf blademasters
  A deep elf master archer (Elf:3)
  Kirke (Swamp:1)
  Agnes (Spider:2)
  2 thorn hunters (Swamp:3)
  A storm dragon (Vaults:2)
  3 deep elf sorcerers (Elf:3)
  3 vault wardens
  An emperor scorpion (Spider:4)
  A ghost moth (Spider:3)
  2 orc warlords
  A ghoul (Vaults:3)
  2 ironbound preservers (Vaults:3)
  4 deep elf elementalists (Elf:3)
  A stone giant (Vaults:1)
  A vampire knight (Vaults:3)
  8 deep elf annihilators (Elf:3)
  3 deep elf death magi (Elf:3)
  A war gargoyle (Vaults:1)
  An eleionoma (Swamp:3)
  A deep elf demonologist (Elf:3)
  A bunyip (Swamp:2)
  6 dire elephants
  Snorg (D:13)
  The ghost of starts1789 the Fighter, a journeyman DjCj of Makhleb (Lair:1)
  2 yaktaur captains
  The ghost of Skimidon the Grappler, a journeyman TrSh of Wu Jian (Orc:1)
  4 deep elf high priests (Elf:3)
  7 ghost crabs
  3 entropy weavers
  A catoblepas (Lair:3)
  5 vault guards
  6 hydras
  2 ogre magi
  Erolcha (D:10)
  A death knight (Crypt:1)
  A fenstrider witch skeleton (Crypt:1)
  2 centaur warriors (Vaults:2)
  3 two-headed ogres
  14 dancing weapons
  A radroach (Spider:4)
  A boulder beetle (D:11)
  2 tengu warriors
  3 demonic crawlers
  2 death yaks
  A deep troll earth mage (D:15)
  2 thrashing horrors (Gauntlet)
  A spriggan (Swamp:3)
  2 deep elf knights (Elf:2)
  2 skysharks
  A spectral death yak (Lair:5)
  3 pharaoh ants
  5 skeletal warriors
  A goliath frog (Swamp:2)
  3 spriggan druids
  2 bog bodies
  9 deep trolls
  5 orb spiders
  An ironbound convoker (Vaults:1)
  An arcanist (Vaults:3)
  2 deep elf archers
  2 swamp dragons (Swamp:3)
  A phantasmal warrior (Vaults:3)
  A steelbarb worm (shapeshifter) (Vaults:2)
  2 wolf spiders
  3 necromancers (Lair:5)
  A harpy (Vaults:3)
  2 deep elf pyromancers (Elf:1)
  7 deep elf zephyrmancers
  3 lindwurms
  A thermic dynamo (Elf:1)
  5 orc knights
  2 steelbarb worms
  An obsidian statue (Lair:5)
  3 orc sorcerers
  A spectral jorogumo (Spider:4)
  3 will-o-the-wisps
  6 ugly things
  2 cyclopes
  A meliai (Spider:4)
  2 manticores (D:15)
  2 oklob plants (Lair:3)
  3 elephants
  2 kobold blastminers (Orc:2)
  2 black mambas
  A molten gargoyle (Lair:3)
  A cane toad (Lair:4)
  2 torpor snails (Spider:1)
  3 vault sentinels
  A gargoyle (D:14)
  2 spectral redbacks (Spider:4)
  3 komodo dragons
  A rime drake (Lair:5)
  2 yaktaurs
  A minotaur zombie (Gauntlet)
  2 efreet
  An ice devil (D:13)
  A troll (D:12)
  A red devil (Gauntlet)
  3 spectral tarantellas (Spider:4)
  6 tarantellas
  A hornet (Swamp:3)
  3 spectral jumping spiders (Spider:4)
  2 tarantella zombies (Spider:4)
  3 tyrant leeches (Swamp:1)
  3 blink frogs
  6 slime creatures
  A vampire (D:9)
  4 jumping spiders
  2 culicivoras
  2 small abominations (Gauntlet)
  3 fire elementals (D:12)
  A water elemental (Elf:1)
  A wraith (D:13)
  A wyvern (Lair:5)
  A hog (Swamp:1)
  A warg (Orc:1)
  8 yaks
  A wind drake skeleton (Crypt:1)
  6 redbacks
  13 vampire mosquitoes
  4 swamp worms
  A water moccasin (Lair:1)
  2 hell hounds (D:12)
  11 orc warriors
  3 ice beasts (D:10)
  A black bear (Lair:2)
  8 laughing skulls
  An ogre (D:15)
  2 wolves
  4 centaurs
  A phantom (D:6)
  3 bullfrogs (Lair:1)
  4 earth elementals
  3 killer bees
  A howler monkey (D:10)
  4 lava snakes (Lair:3)
  3 orc priests
  4 orc wizards
  5 river rats (Lair:4)
  16 orcs
  2 kobolds
  36 foxfires
426 creatures vanquished.

Vanquished Creatures (others)
  An ironbound preserver (Vaults:2)
  2 deep elf knights (Elf:2)
  An arcanist (Vaults:1)
  2 deep elf pyromancers (Elf:2)
  A wolf spider (Spider:4)
  A will-o-the-wisp (Swamp:3)
  A yaktaur (Vaults:3)
  2 bloated husks (Swamp:3)
  2 humans (Swamp:1)
  2 vampire mosquitoes (Swamp:3)
  An orc warrior (Orc:2)
  A lava snake (Lair:3)
  51 hexers
  An orc wizard (Orc:2)
  4 ancestors
  An orc (Orc:2)
  2417 foxfires
2491 creatures vanquished.

Grand Total: 3963 creatures vanquished

Notes
Turn   | Place    | Note
-------+----------+-------------------------------------------
     0 | D:1      | Xenophilius the Mountain Dwarf Fire Elementalist began the
                  | quest for the Orb.
     0 | D:1      | Reached XP level 1. HP: 14/14 MP: 3/3
    74 | D:1      | Reached skill level 1 in Conjurations
   320 | D:1      | Reached XP level 2. HP: 20/20 MP: 1/4
   358 | D:1      | Learned a level 2 spell: Scorch
   469 | D:1      | Found Roumotety's Jewellery Shoppe.
  1068 | D:1      | Reached XP level 3. HP: 26/26 MP: 3/6
  1539 | D:2      | Reached skill level 5 in Fire Magic
  1572 | D:2      | Found Ahaqioga's One-of-a-Kind Rings.
  1679 | D:2      | Noticed Jessica
  1746 | D:2      | Reached XP level 4. HP: 33/33 MP: 5/7
  2041 | D:2      | Identified the +0 leather armour of Qazlal's Scorn {Str+2}
  2059 | D:2      | Killed Jessica
  2065 | D:2      | Learned a level 4 spell: Flame Wave
  2830 | D:3      | Reached XP level 5. HP: 38/38 MP: 2/8
  2977 | D:3      | Found Sixt's Armour Boutique.
  3210 | D:3      | Found a runed translucent gate.
  3210 | D:3      | Found a runed translucent gate.
  3210 | D:3      | Found a runed translucent gate.
  3215 | D:3      | Noticed Yenzu's ghost (weakling FeSh)
  3215 | D:3      | Noticed TobyConnect's ghost (amateur DsFi)
  3318 | D:3      | Found an ancient bone altar of Kikubaaqudgha.
  3318 | D:3      | Found a shimmering altar of Xom.
  3318 | D:3      | Found a bloodstained altar of Trog.
  3500 | D:3      | Bought a +0 buckler of protection for 115 gold pieces
  3550 | D:3      | Found Eblij's Antique Armour Shop.
  3648 | D:3      | Found Xiomeept's Book Shop.
  3969 | D:4      | Reached skill level 1 in Shields
  4071 | D:4      | Found Gunaubb's Tiny Tomes.
  4148 | D:4      | Noticed a phantom
  4184 | D:3      | Killed a phantom
  4506 | D:4      | Found an ornate altar of the Wu Jian Council.
  4540 | D:4      | Reached XP level 6. HP: 45/45 MP: 4/9
  5244 | D:4      | Found a staircase to the Ecumenical Temple.
  5251 | Temple   | Entered the Ecumenical Temple
  5274 | Temple   | Became a worshipper of Hepliaklqana the Forgotten
  5310 | D:5      | Entered Level 5 of the Dungeon
  5505 | D:5      | Noticed Edmund
  5547 | D:5      | Found Yhem's Assorted Antiques.
  5547 | D:5      | Found Qeipemen's Book Emporium.
  5547 | D:5      | Found Sairphon's Antique Armour Emporium.
  5549 | D:5      | Bought a lumpy puce potion for 30 gold pieces
  5549 | D:5      | Bought a dark potion for 30 gold pieces
  5549 | D:5      | Bought a cyan potion for 30 gold pieces
  5579 | D:5      | Found a shadowy altar of Dithmenos.
  5685 | D:5      | Noticed Prince Ribbit
  5700 | D:5      | Killed Prince Ribbit
  5701 | D:5      | Reached skill level 5 in Shields
  5701 | D:5      | Reached XP level 7. HP: 39/50 MP: 1/11
  5827 | D:5      | Killed Edmund
  6521 | D:5      | Reached XP level 8. HP: 57/57 MP: 7/12
  6634 | D:5      | Noticed Ijyb
  6643 | D:5      | Killed Ijyb
  6644 | D:5      | Reached skill level 5 in Armour
  7142 | D:5      | Reached skill level 1 in Fighting
  7249 | D:6      | Noticed Menkaure
  7254 | D:6      | Killed Menkaure
  7385 | D:6      | Noticed Blork the orc
  7411 | D:6      | Killed Blork the orc
  7618 | D:6      | Reached * piety under Hepliaklqana
  7884 | D:3      | Killed Yenzu's ghost
  7895 | D:3      | Killed TobyConnect's ghost
  8472 | D:6      | Reached XP level 9. HP: 57/63 MP: 6/14
  8648 | D:6      | Found Kin Zoes's Self-Improvement Boutique.
  9082 | D:7      | Noticed a troll
  9109 | D:7      | Killed a troll
  9354 | D:7      | Reached skill level 5 in Conjurations
  9777 | D:7      | Found a broken altar of Ashenzari.
 10251 | D:8      | Noticed Maurice
 10269 | D:8      | Killed Maurice
 10270 | D:8      | Reached skill level 5 in Spellcasting
 10270 | D:8      | Reached XP level 10. HP: 61/70 MP: 10/17
 10805 | D:8      | Noticed Gastronok
 10882 | D:8      | Noticed Joseph
 10893 | D:8      | Killed Joseph
 10894 | D:8      | Reached skill level 10 in Fire Magic
 11249 | D:8      | Killed Gastronok
 11510 | D:9      | Noticed Psyche
 11520 | D:9      | Killed Psyche
 11767 | D:9      | Reached ** piety under Hepliaklqana
 11768 | D:9      | Remembered your ancestor Orhuwn as a hexer
 11861 | D:9      | Reached XP level 11. HP: 52/75 MP: 6/20
 11972 | D:9      | Identified the +9 hand axe of the Briny Deep {elec, SInv}
 12056 | D:9      | Noticed an orc knight
 12094 | D:9      | Killed an orc knight
 12102 | D:9      | Noticed an orc knight
 12133 | D:8      | Killed an orc knight
 12361 | D:9      | Noticed Maggie
 12368 | D:9      | Killed Maggie
 12369 | D:9      | Reached skill level 10 in Armour
 12469 | D:9      | Found a roughly hewn altar of Beogh.
 12712 | D:10     | Entered Level 10 of the Dungeon
 12790 | D:10     | Found a blossoming altar of Fedhas.
 12889 | D:10     | Found a radiant altar of Vehumet.
 12986 | D:10     | Found a staircase to the Lair.
 13009 | D:10     | Noticed Erolcha
 13036 | D:10     | Killed Erolcha
 13037 | D:10     | Reached skill level 1 in Invocations
 13656 | D:11     | Reached *** piety under Hepliaklqana
 13681 | D:11     | Noticed a two-headed ogre
 13702 | D:11     | Killed a two-headed ogre
 13703 | D:11     | Reached skill level 5 in Fighting
 13855 | D:11     | Noticed a brown ugly thing
 13876 | D:11     | Killed a brown ugly thing
 14370 | D:11     | Noticed a red ugly thing
 14378 | D:11     | Killed a brown ugly thing
 14484 | D:11     | Noticed a boulder beetle
 14500 | D:11     | Killed a boulder beetle
 14501 | D:11     | Reached XP level 12. HP: 78/91 MP: 12/21
 14702 | D:11     | Got the Secrets of Heated Congelation
 15375 | D:1      | Bought a +5 ring of evasion for 360 gold pieces
 15588 | Lair:1   | Entered Level 1 of the Lair of Beasts
 15676 | Lair:1   | You fall into a shaft and drop 1 floor!
 15729 | Lair:2   | Reached **** piety under Hepliaklqana
 15776 | Lair:2   | Identified the +6 war axe of the Saviour {flame, rPois rF-
                  | Will+ rCorr}
 15839 | Lair:2   | Reached skill level 10 in Fighting
 15897 | Lair:2   | Identified 2 scrolls of acquirement
 15897 | Lair:2   | Acquired the +1 hat of Lugonu's Esteem {rElec rC+}
 15909 | Lair:2   | Acquired 1006 gold pieces
 16100 | D:3      | Bought the +2 pair of slick slippers {slick, slippery,
                  | EV+4} for 648 gold pieces
 16100 | D:3      | Found the +2 pair of slick slippers {slick, slippery, EV+4}
 16224 | D:5      | Bought a bloodstained scale mail for 198 gold pieces
 16224 | D:5      | Identified the +2 scale mail "Ypheasm" {Str+3} (You bought
                  | it in a shop on level 5 of the Dungeon)
 16301 | D:3      | Bought the +1 pair of gloves "Ybehisol" {Int+3} for 228
                  | gold pieces
 16311 | D:3      | Learned a level 4 spell: Martyr's Knell
 16578 | Lair:2   | Reached skill level 5 in Invocations
 16614 | Lair:2   | Noticed a six-headed hydra
 16622 | Lair:2   | Noticed a seven-headed hydra
 16623 | Lair:2   | Killed a six-headed hydra
 16628 | Lair:2   | Killed a seven-headed hydra
 17169 | Lair:1   | Reached skill level 10 in Invocations
 17238 | Lair:1   | Found a runed translucent door.
 17238 | Lair:1   | Noticed starts1789's ghost (journeyman DjCj)
 17810 | Lair:2   | Found a hole to the Spider Nest.
 18310 | Lair:3   | Reached skill level 1 in Necromancy
 18311 | Lair:3   | Reached skill level 1 in Summonings
 18349 | Lair:3   | Reached XP level 13. HP: 101/101 MP: 14/22
 18408 | Lair:3   | Identified the +8 scimitar "Odovofonke" {freeze, SInv
                  | Stlth+}
 18584 | Lair:3   | Noticed an eleionoma
 18592 | Lair:3   | Killed an eleionoma
 18611 | Lair:3   | Found a staircase to the Swamp.
 18842 | Lair:3   | Reached skill level 5 in Necromancy
 18926 | Lair:3   | Reached ***** piety under Hepliaklqana
 19301 | Lair:3   | Reached skill level 5 in Summonings
 19742 | Lair:4   | Found a staircase to the Slime Pits.
 19742 | Lair:4   | Found a viscous altar of Jiyva.
 19802 | Lair:4   | Learned a level 4 spell: Animate Armour
 19830 | Lair:4   | Reached skill level 1 in Earth Magic
 20169 | Lair:4   | Reached skill level 5 in Earth Magic
 20492 | Lair:4   | Learned a level 3 spell: Vampiric Draining
 20529 | Lair:5   | Entered Level 5 of the Lair of Beasts
 20655 | Lair:5   | Reached XP level 14. HP: 108/108 MP: 10/23
 21553 | Lair:5   | Identified the +11 halberd "Sereaz" {speed, *Noise Str+2
                  | Dex+4}
 22606 | D:12     | Noticed Fannar
 22620 | D:12     | Killed Fannar
 22864 | D:12     | Found a staircase to the Orcish Mines.
 22964 | D:12     | Reached skill level 1 in Maces & Flails
 23212 | D:12     | Noticed Azrael
 23237 | D:12     | Killed Azrael
 23428 | Orc:1    | Entered Level 1 of the Orcish Mines
 23472 | Orc:1    | Found a runed translucent door.
 23473 | Orc:1    | Noticed Skimidon's ghost (journeyman TrSh)
 23602 | Orc:2    | Entered Level 2 of the Orcish Mines
 23640 | Orc:1    | Found Akihet's Book Shoppe.
 23949 | Orc:2    | Reached skill level 5 in Maces & Flails
 23988 | Orc:2    | Found a staircase to the Elven Halls.
 24401 | Orc:2    | Noticed an orc warlord
 24601 | Orc:2    | Killed an orc warlord
 24602 | Orc:2    | Reached XP level 15. HP: 87/113 MP: 21/25
 24842 | Orc:2    | Found a roughly hewn altar of Beogh.
 24865 | Orc:2    | Found Healum's General Store.
 24872 | Orc:2    | Bought a potion of attraction for 36 gold pieces
 24872 | Orc:2    | Bought a scroll of revelation for 90 gold pieces
 24881 | Orc:2    | Found Jarak's Antique Weapon Shoppe.
 25145 | Orc:2    | Found Xicrudgh's Antique Armour Shoppe.
 25181 | Orc:2    | Found Lonifa's Jewellery Shoppe.
 25364 | D:13     | Found a gate leading to a gauntlet.
 25403 | Gauntlet | Entered a Gauntlet
 25403 | Gauntlet | Found a transporter.
 25403 | Gauntlet | Found a transporter.
 25408 | Gauntlet | Found a transporter.
 25423 | Gauntlet | Found a transporter.
 25437 | Gauntlet | Found a transporter.
 25450 | Gauntlet | Found a transporter.
 25466 | Gauntlet | Found a transporter.
 25535 | Gauntlet | Found a transporter.
 25535 | Gauntlet | Found a transporter.
 25546 | Gauntlet | Reached ****** piety under Hepliaklqana
 25547 | Gauntlet | Found a transporter.
 25552 | Gauntlet | Found a transporter.
 25557 | Gauntlet | Found a transporter.
 25570 | Gauntlet | Found a transporter.
 25602 | Gauntlet | Found a transporter.
 25617 | Gauntlet | Found a transporter.
 25636 | Gauntlet | Found a transporter.
 25822 | Gauntlet | Reached skill level 10 in Maces & Flails
 25838 | Gauntlet | Identified the +0 helmet of Beogh's Benevolence {^Contam
                  | rN++ Will+ SInv}
 25959 | Gauntlet | Identified the +0 helmet "Buel" {+Blink Slay+3 SInv}
 25980 | Gauntlet | Identified the +4 orcbow of Hubris {freeze, Str+5}
 26076 | D:13     | Noticed Snorg
 26093 | D:13     | Killed Snorg
 26249 | D:13     | Found a runed translucent door.
 26249 | D:13     | Noticed hackum's ghost (journeyman DgHu)
 27044 | D:13     | Found a glowing silver altar of Zin.
 27635 | Orc:1    | Bought Great Wizards, Vol. II for 532 gold pieces
 27641 | Orc:1    | Learned a level 5 spell: Borgnjor's Vile Clutch
 27744 | D:13     | Killed hackum's ghost
 27928 | Orc:1    | Killed Skimidon's ghost
 27956 | Orc:1    | Identified the +1 leather armour of Greater Demons {-Cast
                  | Rampage rElec Str+2}
 28082 | Lair:1   | Killed starts1789's ghost
 28400 | D:14     | Found a gate to the Vaults.
 28567 | D:14     | Found Lamu's Self-Published Books.
 28967 | D:14     | Reached skill level 10 in Earth Magic
 29219 | D:14     | Identified the amulet of Niur {rElec Regen+}
 29340 | D:15     | Entered Level 15 of the Dungeon
 29606 | D:15     | Found Ammea's Antique Weapon Boutique.
 29627 | D:15     | Found Febeqi's Magic Scroll Shop.
 29794 | D:15     | Bought a scroll of identify for 36 gold pieces
 29794 | D:15     | Bought a scroll of revelation for 135 gold pieces
 29809 | D:15     | Identified the staff of Igiuh {rElec rCorr Str+2 Dex+3 Air}
 29833 | D:15     | Reached skill level 10 in Necromancy
 29889 | D:15     | Reached XP level 16. HP: 78/120 MP: 19/28
 30118 | D:15     | Found Caituj's Armour Emporium.
 30193 | D:15     | Found Jazolyoll's Weapon Emporium.
 30240 | D:15     | Found Age Kin's Weapon Shop.
 30359 | D:15     | Found a staircase to the Depths.
 30520 | Orc:1    | Acquired the amulet of Areoqeit {Reflect Rampage rElec
                  | SH+5}
 30728 | Spider:1 | Entered Level 1 of the Spider Nest
 32963 | Spider:2 | Noticed Agnes
 32971 | Spider:2 | Killed Agnes
 35169 | Spider:3 | Got Performing Successful Recondite Knowledge
 35594 | Spider:3 | Identified the blade talisman "Pinus" {rCorr Str+2 Int+2}
 36012 | Spider:4 | Entered Level 4 of the Spider Nest
 36030 | Spider:4 | Reached XP level 17. HP: 129/129 MP: 29/29
 36037 | Spider:4 | Noticed Mlioglotl
 36182 | Spider:4 | Identified the serpent talisman of Mefufed {rF+ Will+}
 36182 | Spider:4 | Noticed Aizul
 36187 | Spider:4 | Reached skill level 15 in Invocations
 36426 | Spider:4 | Killed Aizul
 36446 | Spider:4 | Killed Mlioglotl
 36961 | Spider:4 | Noticed Bai Suzhen
 36997 | Spider:4 | Killed Bai Suzhen
 37144 | Spider:4 | Noticed Arachne
 37157 | Spider:4 | Killed Arachne
 38372 | Spider:4 | Reached skill level 5 in Dodging
 38598 | Spider:4 | Reached XP level 18. HP: 138/138 MP: 30/30
 38611 | Spider:4 | Got a gossamer rune of Zot
 38613 | Spider:4 | Identified the orb of Charity {mayhem, Rampage}
 38890 | Swamp:1  | Entered Level 1 of the Swamp
 38940 | Swamp:1  | Noticed Kirke
 39472 | Swamp:1  | Killed Kirke
 40842 | Swamp:2  | Identified the +3 dagger "Death Rattle" {venom, rElec rC+
                  | Str+3}
 41831 | Swamp:3  | Reached XP level 19. HP: 93/144 MP: 17/31
 43196 | Swamp:3  | Found the +2 hood of the Assassin {Detect Stab+ Stlth++}
 43692 | Elf:1    | Entered Level 1 of the Elven Halls
 44234 | Elf:1    | Learned a level 2 spell: Blink
 44333 | Elf:1    | Reached skill level 1 in Translocations
 44493 | Elf:1    | Got Sif Muna's Vellum of the Commander
 44561 | Elf:1    | Reached skill level 15 in Armour
 44927 | Elf:1    | Learned a level 5 spell: Fireball
 45625 | Elf:2    | Found a runed translucent gate.
 45625 | Elf:2    | Found a runed translucent gate.
 45625 | Elf:2    | Found a runed translucent gate.
 46942 | Elf:2    | Paralysed by an air elemental for 1 turns
 47036 | Elf:3    | Entered Level 3 of the Elven Halls
 47046 | Elf:3    | Paralysed by an air elemental for 1 turns
 47140 | Elf:3    | Reached XP level 20. HP: 156/156 MP: 27/33
 47933 | Elf:3    | Reached skill level 10 in Spellcasting
 48563 | Elf:3    | Identified the +11 falchion "Akackeik" {pain, rN+ Int+2}
 48621 | Elf:3    | Identified the amulet "Roskuiwe" {RegenMP rPois Slay+5}
 48792 | Elf:3    | Identified the +3 bardiche "Eracwout" {flame, +Blink rC-
                  | rCorr Str-2}
 48792 | Elf:3    | Identified the amulet "Tamnoplathra" {Reflect Rampage
                  | ^Fragile Dex+4 SH+5}
 48971 | Elf:3    | Identified the ring of Enojo {rPois rF+ Dex+3}
 49420 | Elf:3    | Identified the +5 arbalest of Gallantry {penet, Str+4}
 49911 | Vaults:1 | Entered Level 1 of the Vaults
 50057 | Vaults:1 | Found Iteefaf's Antique Armour Boutique.
 51369 | Vaults:1 | Found a portal to a secret trove of treasure.
 51791 | Vaults:2 | Reached skill level 15 in Necromancy
 51819 | Vaults:2 | Found Niros's Antique Weapon Boutique.
 51862 | Vaults:2 | Found a flickering gateway to a bazaar.
 51888 | Bazaar   | Entered a bazaar
 51891 | Bazaar   | Found Imibi's Antique Weapon Emporium.
 51896 | Bazaar   | Found Cuzihol's Assorted Antiques.
 51906 | Bazaar   | Found Utusung's Assorted Antiques.
 51912 | Bazaar   | Found Loawas's General Store.
 51922 | Bazaar   | Found Jushrustru's Weapon Shoppe.
 51939 | Bazaar   | Bought a potion of enlightenment for 55 gold pieces
 51939 | Bazaar   | Bought a wand of acid (2) for 92 gold pieces
 51939 | Bazaar   | Bought a potion of curing for 33 gold pieces
 51939 | Bazaar   | Bought 2 potions of brilliance for 88 gold pieces
 51953 | Bazaar   | Bought a scroll of teleportation for 75 gold pieces
 51953 | Bazaar   | Bought a scroll of teleportation for 75 gold pieces
 51953 | Bazaar   | Bought a scroll of vulnerability for 100 gold pieces
 51962 | Bazaar   | Bought a potion of heal wounds for 185 gold pieces
 52254 | Vaults:2 | Found Jytuvy's General Store.
 52290 | Vaults:2 | Found Effak's Antique Weapon Emporium.
 52501 | Vaults:2 | Reached XP level 21. HP: 160/162 MP: 29/35
 53488 | Vaults:3 | Found a staircase to the Crypt.
 53810 | Vaults:3 | Reached skill level 10 in Summonings
 54914 | Orc:1    | Bought a book of Touch for 308 gold pieces
 54919 | Orc:1    | Learned a level 4 spell: Dispel Undead
 55147 | Crypt:1  | Entered Level 1 of the Crypt
 55147 | Crypt:1  | Noticed Zenata
 57644 | Vaults:3 | Slain by a +4 scimitar of freezing

Illustrated notes

Levels and vault maps discovered:
D:1:      psy_arrival_radial01, layout_basic, serial_shops, shop
D:2:      layout_basic, minmay_misc_feat_ornament, minmay_misc_feat_nine_boxes,
          nicolae_shop_unique_rings, lemuel_flame_loot_1, uniq_jessica
D:3:      layout_loops_cross, gammafunk_temple_overflow_forgotten,
          gammafunk_ghost_cemetery, serial_shops, shop, nicolae_shop_dealshenge,
          nicolae_square_shop, kennysheep_generic_room_2
D:4:      layout_basic, nicolae_wu_jian_wuxing_cycle,
          minmay_temple_entry_enclosed_plants,
          nicolae_shop_i_like_small_books_too, grunt_decor_mini_mirrors
D:5:      layout_loops_ring, nicolae_dithmenos_shadow_blocks,
          nicolae_shop_distant_corner_stores, uniq_edmund, uniq_prince_ribbit1,
          uniq_ijyb
D:6:      layout_loops_ring, minmay_misc_feat_alley, nicolae_shop_self_help,
          uniq_blork_the_orc, uniq_menkaure
D:7:      layout_rooms, ashenzari_conservatory_becter, minmay_statues_item
D:8:      layout_rooms, serial_bayou_pond_c, grunt_decor_fettered,
          minmay_fountain_box, grunt_ministairs_5, uniq_joseph, uniq_gastronok,
          uniq_maurice
D:9:      layout_rooms, amethyst_killhole, lightli_church_of_beogh, uniq_psyche,
          uniq_maggie
D:10:     layout_basic, overflow_temple_1_default,
          nicolae_overflow_crystal_walls, hellmonk_lair_entry_icy, uniq_erolcha
D:11:     layout_loops_ring, serial_co_window_serial, co_window_corner_a,
          co_window_paths_b, co_window_corner_a, co_window_paths_a,
          co_window_corner_a, co_window_unsneaky_path_a,
          co_window_unsneaky_path_a, co_window_corner_cb,
          co_window_of_opportunity_c, co_window_corner_cb,
          co_window_of_opportunity_c, co_window_sun, co_window_4corner_a,
          minmay_misc_feat_pillars
D:12:     layout_roguey, kennysheep_orc_monster_closet_entryway, uniq_azrael,
          uniq_fannar
D:13:     layout_layer_cave, hellmonk_ghost_happy_afterlife,
          portal_ice_cave_demonic_guard, gauntlet_entry_generic, zin_treasury,
          uniq_snorg
D:14:     layout_grid_maze, hellmonk_vaults_order_and_chaos,
          corexii_leaking_fountain, nicolae_custom_books, kennysheep_cross_room
D:15:     hellmonk_depths_entry_around_the_bend, layout_cave_pools,
          serial_shops, nicolae_shop_peninsula, nicolae_square_shop, shop,
          nicolae_shop_tiny_statue_garden, shop
Temple:   minmay_temple_curvy_branch
Lair:1:   layout_cave_pods, gammafunk_ghost_grave, minmay_stone_trees_small
Lair:2:   layout_regular_city, hellmonk_spider_entry_life_and_decay
Lair:3:   cheibrodos_magma_flow, layout_regular_city,
          alex1729_swamp_entry_worm_eleionoma, minmay_holes, disabler_island,
          lemuel_fruit_tree
Lair:4:   layout_loops_ring, minmay_slime_entry_pillars, kennysheep_rathole
Lair:5:   due_jungle_book, layout_regular_city
Swamp:1:  layout_falls_marsh, evilmike_swamp_ruin_house_2, uniq_kirke
Swamp:2:  layout_falls_marsh, infiniplex_staircase_pool_2
Swamp:3:  bobbens_index_wilting_gardens, layout_falls_marsh,
          evilmike_swamp_ruin_house_1
Spider:1: layout_cave_pods
Spider:2: layout_spider_delve, uniq_agnes
Spider:3: layout_chambers, special_room [special_room_bee]
Spider:4: floodkiller_spider_rune_tomb, uniq_aizul, uniq_arachne,
          uniq_mlioglotl, uniq_bai_suzhen
Orc:1:    layout_caves, ebering_ghost_inner_flame, serial_shops, shop
Orc:2:    grunt_orc_cross, layout_caves, minmay_orc_keep
Elf:1:    nicolae_elf_arrival_no_cutting_in_line, layout_geoelf_octagon,
          minmay_elf_demonology
Elf:2:    nicolae_elf_blades_crystal_corner, layout_geoelf_grid
Elf:3:    minmay_elf_hall_spiked, layout_gridlike, grunt_megastairs_4
Vaults:1: vaults_dpeg_hooks, ontoclasm_vaults_echo, hangedman_vaults_trim,
          vaults_room_large_hall, hangedman_vaults_capsules,
          hangedman_vaults_slither, hangedman_vaults_nails,
          vaults_mumra_chevron_long, nicolae_vaults_variable_pillar_hall,
          nicolae_vaults_door_testing_chamber, nicolae_vaults_frosty_reception,
          nicolae_vaults_apartment_1, layout_vaults_ring, serial_shops, shop,
          enter_trove_5
Vaults:2: nicolae_vaults_shipping_containers_4, ontoclasm_vaults_misaligned,
          nicolae_vaults_trapezoid_2, layout_vaults_omnigrid, serial_shops,
          bzr_entry_islet, shop, shop_fountains, shop_fountains
Vaults:3: nicolae_vaults_trapezoid_1, vaults_room_grid,
          minmay_crypt_entry_simple_walls, vaults_dpeg_emergency_exit,
          nicolae_vaults_variable_pillar_hall_cross, v_misc_33,
          vaults_dpeg_diagonal, nicolae_vaults_trapezoid_4,
          vaults_mumra_minichess, layout_vaults_chaotic_city
Crypt:1:  layout_rooms, gammafunk_ghost_crypt, grunt_megastairs_5, uniq_zenata

Skill      XL: |  1  2  3  4  5  6  7  8  9 10 11 12 13 14 15 16 17 18 19 20 21 |
---------------+----------------------------------------------------------------+-----
Conjurations   | 1 2 3 4 6 7 8 9 |  9.0
Spellcasting   | 2 3 5 6 8 9 10 | 10.0
Fire Magic     | 4 5 6 7 8 11 12 13 | 13.0
Shields        | 3 5 6 |  6.0
Armour         | 4 6 8 10 11 13 14 15 17 18 | 18.0
Fighting       | 4 8 10 11 12 13 14 | 14.1
Invocations    | 3 12 14 16 17 18 | 18.0
Necromancy     | 2 8 9 10 14 15 16 | 16.0
Summonings     | 1 6 7 9 13 | 13.3
Earth Magic    | 6 9 10 | 10.0
Maces & Flails | 7 12 | 12.0
Dodging        | 3 5 |  5.1
Translocations | 4 |  4.0
Stealth        | |  1.4

Action                     |  1- 3 |  4- 6 |  7- 9 | 10-12 | 13-15 | 16-18 | 19-21 || total
---------------------------+-------+-------+-------+-------+-------+-------+-------++-------
  Melee: Dagger            |    11 |       |    24 |       |       |       |       ||    35
         Short sword       |       |    24 |     8 |       |       |       |       ||    32
         Staff             |       |       |       |     5 |     3 |     6 |    10 ||    24
         Hand axe          |       |       |       |    19 |    34 |       |       ||    53
         Demon whip        |       |       |       |       |    96 |   535 |   809 ||  1440
   Cast: Foxfire           |    54 |   100 |   147 |   287 |   658 |    91 |       ||  1337
         Scorch            |       |    10 |    57 |    76 |   105 |    11 |     1 ||   260
         Flame Wave        |       |       |       |    42 |    97 |    56 |    30 ||   225
         Animate Armour    |       |       |       |       |    26 |    64 |    94 ||   184
         Martyr's Knell    |       |       |       |       |    15 |    11 |       ||    26
         Borgnjor's Vile C |       |       |       |       |       |    56 |   161 ||   217
         Blink             |       |       |       |       |       |       |     3 ||     3
         Fireball          |       |       |       |       |       |       |     3 ||     3
         Dispel Undead     |       |       |       |       |       |       |    30 ||    30
 Invoke: Recall Ancestor   |       |       |     6 |    15 |     8 |     3 |     3 ||    35
         Ancestor Life: He |       |       |       |     1 |       |       |       ||     1
         Idealise          |       |       |       |       |     3 |       |     5 ||     8
Ability: Evoke Blink       |       |       |       |       |       |     1 |       ||     1
  Evoke: Wand              |       |       |       |     5 |    11 |       |       ||    16
    Use: Scroll            |       |     2 |     8 |    10 |    10 |     5 |     5 ||    40
         Potion            |       |       |       |       |       |     3 |     4 ||     7
   Stab: Sleeping          |     1 |       |       |       |       |       |       ||     1
         Confused          |       |       |       |     1 |     1 |    10 |    21 ||    33
         Distracted        |       |       |       |     1 |     2 |     7 |     8 ||    18
         Paralysed         |       |       |       |       |     8 |    90 |    87 ||   185
 Armour: Robe              |     3 |       |       |       |       |       |       ||     3
         Ring mail         |    15 |    44 |    44 |    40 |       |   259 |       ||   402
         Scale mail        |       |       |       |    59 |   266 |    11 |       ||   336
         Steam dragon scal |       |       |       |     2 |       |       |       ||     2
         Storm dragon scal |       |       |       |       |       |   131 |   620 ||   751
  Dodge: Dodged            |    20 |    39 |    18 |    92 |   353 |   400 |   450 ||  1372
         Repelled          |       |       |       |     2 |     6 |     4 |    22 ||    34
  Block: Buckler           |       |     7 |    18 |    33 |   131 |   311 |   378 ||   878
         Reflection        |       |       |       |       |       |     5 |    65 ||    70

Table legend: (Time is in decaauts)
 A = Elapsed time spent in this place.
 B = Non-inter-level travel time spent in this place.
 C = Inter-level travel time spent in this place.
 D = Time resting spent in this place.
 E = Time spent auto-exploring this place.
 F = Levels seen in this place.
 G = Mean time per level.
                   A        B        C        D        E       F      G
               +--------+--------+--------+--------+--------+-----+--------+
         Total |  57223 |  51700 |   5523 |  19234 |  15414 |  39 | 1467.3 |
       Dungeon |  22060 |  18857 |   3203 |   5737 |   6531 |  15 | 1470.7 |
        Temple |     45 |      7 |     38 |      0 |      0 |   1 |   45.0 |
          Lair |   6609 |   5761 |    848 |   1041 |   2683 |   5 | 1321.8 |
         Swamp |   4419 |   4180 |    239 |   2067 |    649 |   3 | 1473.0 |
   Spider Nest |   7938 |   7762 |    176 |   3453 |   1880 |   4 | 1984.5 |
  Orcish Mines |   2200 |   1903 |    297 |    545 |    616 |   2 | 1100.0 |
   Elven Halls |   5984 |   5770 |    214 |   2827 |   1199 |   3 | 1994.7 |
        Vaults |   6318 |   5840 |    478 |   2745 |   1822 |   3 | 2106.0 |
         Crypt |    960 |    933 |     27 |    712 |      0 |   1 |  960.0 |
        Bazaar |     80 |     80 |      0 |      0 |     33 |   1 |   80.0 |
      Gauntlet |    604 |    604 |      0 |    107 |      0 |   1 |  604.0 |
               +--------+--------+--------+--------+--------+-----+--------+

Top non-repeatable levels by time:
Vaults:3: 3178 daAuts
   Elf:3: 2670 daAuts
 Swamp:3: 2515 daAuts
Spider:3: 2486 daAuts
Spider:4: 2381 daAuts
    D:13: 1974 daAuts
   Elf:2: 1937 daAuts
     D:5: 1869 daAuts
     D:4: 1858 daAuts
Vaults:1: 1837 daAuts
     D:2: 1675 daAuts
  Lair:5: 1650 daAuts
Spider:1: 1633 daAuts
     D:8: 1592 daAuts
  Lair:3: 1587 daAuts
